 Dungeon Crawl Stone Soup version 0.29.0-4-gdea44cf6ec (webtiles) character file.

Game seed: 8854141342651413784

74 qw the Ruffian (level 4, -5/35 HPs)
             Began as a Ghoul Fire Elementalist on Aug 30, 2022.
             Slain by a gnoll
             ... wielding a +0 halberd
              (10 damage)
             ... on level 3 of the Dungeon.
             The game lasted 00:02:03 (2549 turns).

qw the Ruffian (Ghoul Fire Elementalist)            Turns: 2549, Time: 00:02:03

Health: -5/35      AC:  6    Str: 13    XL:     4   Next: 30%
Magic:  5/5        EV: 10    Int: 10    God:
Gold:   92         SH:  2    Dex:  9    Spells: 5/6 levels left

rFire   . . .      SeeInvis .     - Unarmed
rCold   + + .      Faith    .   f - +0 buckler
rNeg    + + +      Spirit   .   l - +0 ring mail
rPois   inf        Reflect  .   (no helmet)
rElec   .          Harm     .   (no cloak)
rCorr   .          Rampage  .   (no gloves)
Will    .....                   e - +0 pair of boots
Stlth   +.........              (no amulet)
HPRegen 0.00/turn               k - ring of protection from cold
MPRegen 0.09/turn               (no ring)

@: inhibited regen
A: claws 1, cold resistance 1, negative energy resistance 3, inhibited
regeneration, torment resistance 2, devour on kill
a: no special abilities


You were on level 3 of the Dungeon.
You visited 1 branch of the dungeon, and saw 3 of its levels.

You collected 92 gold pieces.


Innate Abilities, Weirdness & Mutations

You are immune to poison.
You have sharp fingernails.
Your flesh is cold resistant. (rC+)
You are immune to negative energy. (rN+++)
You do not regenerate when monsters are visible.
You are immune to unholy pain and torment.
You thrive by killing the living.


   Skills:
 - Level 1.0 Fighting
 - Level 1.7 Dodging
 - Level 2.1 Stealth
 + Level 3.9 Unarmed Combat
 - Level 1.7 Spellcasting
 - Level 0.7 Conjurations
 - Level 2.4 Fire Magic


You had 5 spell levels left.
You knew the following spells:

 Your Spells              Type           Power      Damage    Failure   Level
a - Foxfire               Conj/Fire      16%        2x1d4     45%         1

Your spell library contained the following spells:

 Spells                   Type           Power      Damage    Failure   Level
 Scorch                   Fire           10%        2d5       47%         2
 Conjure Flame            Conj/Fire      4%         6-21      83%         3
 Inner Flame              Hex/Fire       3%         N/A       87%         3
 Flame Wave               Conj/Fire      4%         2d5       99%         4

Inventory:

Armour
 e - a +0 pair of boots (worn)
 f - a +0 buckler (worn)
 l - a +0 ring mail (worn)
Jewellery
 k - a ring of protection from cold (left claw)
Scrolls
 g - a scroll of identify
Potions
 c - a potion of curing

Dungeon Overview and Level Annotations

Branches:
Dungeon (3/15)

Altars:

Shops:
D:2 (


Message History

You kill the ball python!
You feel better.
Found a stone staircase leading down.
Found 5 stones.
Found a stone staircase leading down.
Found 6 stones.
Enter note: 2 gnolls come into view.
The gnoll shouts!
A gnoll comes into view. It is wielding a +0 flail.
The gnoll shouts! x2
Found a whip.
Found a scroll labelled DAUNWI FEQAFESS.
The gnoll hits you with a +0 club.
2539 ||| Stepping ~*~*~tactically~*~*~ (outnumbered).
The gnoll attacks as you move away! The gnoll hits you with a +0 club.
2540 ||| Stepping ~*~*~tactically~*~*~ (outnumbered).
The gnoll attacks as you move away! The gnoll barely misses you.
2541 ||| Stepping ~*~*~tactically~*~*~ (outnumbered).
The gnoll attacks as you move away! You block the gnoll's attack.
The gnoll attacks as you move away! The gnoll barely misses you.
2542 ||| Stepping ~*~*~tactically~*~*~ (outnumbered).
The gnoll attacks as you move away! The gnoll hits you with a +0 flail!
The gnoll hits you from afar with a +0 halberd!
2543 ||| Stepping ~*~*~tactically~*~*~ (outnumbered).
2544 ||| Stepping ~*~*~tactically~*~*~ (outnumbered).
2545 ||| Stepping ~*~*~tactically~*~*~ (outnumbered).
2546 ||| Stepping ~*~*~tactically~*~*~ (outnumbered).
You scratch the gnoll.
The gnoll is moderately wounded.
The gnoll hits you with a +0 flail.
The gnoll hits you from afar with a +0 halberd.
You closely miss the gnoll.
The gnoll is moderately wounded.
The gnoll barely misses you. The gnoll misses you.
The gnoll hits you but does no damage.
You scratch the gnoll.
The gnoll is severely wounded.
The gnoll hits you from afar with a +0 halberd!
You die...

...........#
...........#
..######..## #..#
..? #.## .... #.#
....# #.#
.....#####.######
..............g@#
...............g#
.#.........g..#
###.........##
...............#
.).............#
.....(.........#
...............#
.........#######


You could see 3 gnolls.

Vanquished Creatures
  3 adders
  A dart slug (D:1)
  6 ball pythons
  5 bats
  3 endoplasms
  4 goblins
  2 hobgoblins
  10 jackals
  A quokka (D:2)
  A frilled lizard (D:2)
  3 kobolds
  3 rats
42 creatures vanquished.

Notes
Turn   | Place    | Note
-------+----------+-------------------------------------------
     0 | D:1      | qw the Ghoul Fire Elementalist began the quest for the Orb.
     0 | D:1      | Reached XP level 1. HP: 14/14 MP: 2/2
     0 | D:1      | 0 ||| qw: Version: 0.1-a-90-g952f4b7
     0 | D:1      | 0 ||| qw: Game counter: 4345
     0 | D:1      | 0 ||| qw: Always use a shield: true
     0 | D:1      | 0 ||| qw: God list: Okawaru
     0 | D:1      | 0 ||| qw: Allow faded altars: false
     0 | D:1      | 0 ||| qw: Do Orc after D:15 true
     0 | D:1      | 0 ||| qw: Do second Lair branch before Depths: true
     0 | D:1      | 0 ||| qw: Lair rune preference: random
     0 | D:1      | 0 ||| qw: Plans: Normal
     0 | D:1      | 0 ||| PLANNING D:1-11
   130 | D:1      | 130 ||| Stepping ~*~*~tactically~*~*~ (stealth).
   150 | D:1      | 150 ||| Stepping ~*~*~tactically~*~*~ (stealth).
   154 | D:1      | 154 ||| Stepping ~*~*~tactically~*~*~ (stealth).
   156 | D:1      | 156 ||| Stepping ~*~*~tactically~*~*~ (stealth).
   161 | D:1      | 161 ||| Stepping ~*~*~tactically~*~*~ (stealth).
   267 | D:1      | Reached skill level 1 in Unarmed Combat
   387 | D:1      | You fall into a shaft and drop 1 floor!
   431 | D:2      | 431 ||| Stepping ~*~*~tactically~*~*~ (stealth).
   433 | D:2      | 433 ||| Stepping ~*~*~tactically~*~*~ (stealth).
   439 | D:2      | HP: 3/14 [jackal (3)]
   440 | D:2      | HP: 1/14 [jackal (1)]
   443 | D:2      | Reached skill level 1 in Fighting
   443 | D:2      | Reached XP level 2. HP: 4/23 MP: 3/3
   741 | D:2      | Reached skill level 2 in Unarmed Combat
   822 | D:2      | 822 ||| Stepping ~*~*~tactically~*~*~ (stealth).
   913 | D:2      | 913 ||| Stepping ~*~*~tactically~*~*~ (stealth).
   915 | D:2      | 915 ||| Stepping ~*~*~tactically~*~*~ (stealth).
   931 | D:2      | Reached XP level 3. HP: 16/28 MP: 4/4
   999 | D:2      | 999 ||| Stepping ~*~*~tactically~*~*~ (stealth).
  1016 | D:2      | 1016 ||| Stepping ~*~*~tactically~*~*~ (stealth).
  1043 | D:2      | 1043 ||| Stepping ~*~*~tactically~*~*~ (stealth).
  1131 | D:2      | 1131 ||| UPGRADING to +0 buckler.
  1136 | D:2      | 1136 ||| READING 2 scrolls labelled XOKIUSH FULE.
  1137 | D:2      | 1137 ||| READING scroll labelled GOCIMN ETHI.
  1138 | D:2      | 1138 ||| READING 2 scrolls labelled UPPAUDW EGUEBB.
  1139 | D:2      | 1139 ||| DROPPING potion of magic.
  1140 | D:2      | 1140 ||| DROPPING scroll of butterflies.
  1419 | D:1      | Reached skill level 3 in Unarmed Combat
  1728 | D:1      | 1728 ||| UPGRADING to +0 pair of boots.
  1733 | D:1      | 1733 ||| UPGRADING to +0 ring mail.
  1743 | D:1      | 1743 ||| DROPPING +0 robe.
  1744 | D:1      | 1744 ||| UPGRADING to ring of protection from cold.
  1745 | D:1      | 1745 ||| DRINKING 2 fuming amethyst potions.
  1746 | D:1      | 1746 ||| READING 4 scrolls of identify.
  1746 | D:1      | 1746 ||| IDENTIFYING red potion
  1747 | D:1      | 1747 ||| READING 3 scrolls of identify.
  1747 | D:1      | 1747 ||| IDENTIFYING murky cyan potion
  1748 | D:1      | 1748 ||| READING 2 scrolls of identify.
  1748 | D:1      | 1748 ||| IDENTIFYING ruby potion
  1749 | D:1      | 1749 ||| DROPPING potion of brilliance.
  1750 | D:1      | 1750 ||| DROPPING potion of ambrosia.
  1751 | D:1      | 1751 ||| DROPPING potion of degeneration.
  1933 | D:2      | Found Kuumye Ekhe's Weapon Shoppe.
  2101 | D:2      | 2101 ||| Stepping ~*~*~tactically~*~*~ (outnumbered).
  2102 | D:2      | 2102 ||| Stepping ~*~*~tactically~*~*~ (outnumbered).
  2103 | D:2      | 2103 ||| Stepping ~*~*~tactically~*~*~ (outnumbered).
  2104 | D:2      | 2104 ||| Stepping ~*~*~tactically~*~*~ (outnumbered).
  2105 | D:2      | 2105 ||| Stepping ~*~*~tactically~*~*~ (outnumbered).
  2106 | D:2      | 2106 ||| Stepping ~*~*~tactically~*~*~ (outnumbered).
  2108 | D:2      | 2108 ||| Stepping ~*~*~tactically~*~*~ (outnumbered).
  2140 | D:2      | Reached XP level 4. HP: 13/35 MP: 5/5
  2403 | D:2      | Found a faded altar of an unknown god.
  2419 | D:2      | 2419 ||| READING scroll labelled ILYTEE QIOH.
  2420 | D:2      | 2420 ||| READING 3 scrolls of identify.
  2420 | D:2      | 2420 ||| IDENTIFYING orange potion
  2421 | D:2      | 2421 ||| READING 2 scrolls of identify.
  2421 | D:2      | 2421 ||| IDENTIFYING bubbling puce potion
  2422 | D:2      | 2422 ||| DROPPING potion of berserk rage.
  2423 | D:2      | 2423 ||| DROPPING potion of flight.
  2539 | D:3      | 2539 ||| Stepping ~*~*~tactically~*~*~ (outnumbered).
  2540 | D:3      | 2540 ||| Stepping ~*~*~tactically~*~*~ (outnumbered).
  2541 | D:3      | 2541 ||| Stepping ~*~*~tactically~*~*~ (outnumbered).
  2542 | D:3      | 2542 ||| Stepping ~*~*~tactically~*~*~ (outnumbered).
  2543 | D:3      | 2543 ||| Stepping ~*~*~tactically~*~*~ (outnumbered).
  2544 | D:3      | 2544 ||| Stepping ~*~*~tactically~*~*~ (outnumbered).
  2545 | D:3      | 2545 ||| Stepping ~*~*~tactically~*~*~ (outnumbered).
  2546 | D:3      | 2546 ||| Stepping ~*~*~tactically~*~*~ (outnumbered).
  2547 | D:3      | HP: 6/35 [gnoll/+0 flail (3)]
  2549 | D:3      | Slain by a gnoll

Levels and vault maps discovered:
D:1:      heliophobic_arrival_battle_scene, layout_loops_ring
D:2:      layout_rooms, shapermc_ecumenical_altar_mp_highgroup, serial_shops,
          nicolae_shop_hallway_plus
D:3:      minmay_door_path, layout_rooms

Skill      XL: |  1  2  3 |
---------------+----------+-----
Unarmed Combat | 1 2 3 |  3.9
Fighting       | 1 |  1.0
Dodging        | |  1.7
Stealth        | |  2.1
Spellcasting   | |  1.7
Conjurations   | |  0.7
Fire Magic     | |  2.4

Action                   |  1- 3 |  4- 6 || total
-------------------------+-------+-------++-------
Melee: Unarmed           |   153 |    21 ||   174
  Use: Scroll            |     6 |     3 ||     9
       Potion            |     1 |       ||     1
Armor: Robe              |    14 |       ||    14
       Ring mail         |    32 |     5 ||    37
Dodge: Dodged            |    96 |     9 ||   105
Block: Buckler           |    13 |     3 ||    16

Table legend:
 A = Non-vault XP
 B = Vault XP
 C = Vault XP percentage of total XP
 D = Non-vault monster count
 E = Vault monster count
 F = Vault count percentage of total count
                 A         B        C        D         E       F
            +---------+---------+-------+---------+---------+-------
      Total |     107 |       0 |   0.0 |      42 |       0 |   0.0
            +---------+---------+-------+---------+---------+-------
        D:1 |      32 |       0 |   0.0 |      17 |       0 |   0.0
        D:2 |      59 |       0 |   0.0 |      22 |       0 |   0.0
        D:3 |      16 |       0 |   0.0 |       3 |       0 |   0.0
            +---------+---------+-------+---------+---------+-------
